 Dungeon Crawl Stone Soup version 0.24-a0-809-g71cb82dfb8 (webtiles) character file.

Game seed: 14257010969796224723, levelgen mode: deterministic

91 HumanIsDead the Grave Robber (level 4, -1/33 HPs)
             Began as a Human Necromancer on Oct 11, 2019.
             Was an Initiate of Sif Muna.
             Slain by a centaur (6 damage)
             ... on level 3 of the Dungeon.
             The game lasted 00:11:50 (4009 turns).

HumanIsDead the Grave Robber (Human Necromancer)    Turns: 4009, Time: 00:11:51

Health: -1/33      AC:  2    Str:  8    XL:     4   Next: 88%
Magic:  0/7        EV: 13    Int: 17    God:    Sif Muna [......]
Gold:   63         SH:  0    Dex: 13    Spells: 2/7 levels left

rFire    . . .     SeeInvis .   n - +0 short sword
rCold    . . .     Gourm    .   (no shield)
rNeg     . . .     Faith    .   a - +0 robe
rPois    .         Spirit   .   (no helmet)
rElec    .         Reflect  .   (no cloak)
rCorr    .         Harm     .   (no gloves)
MR       .....                  (no boots)
Stlth    ++........             (no amulet)
HPRegen  0.11/turn              (no ring)
MPRegen  0.10/turn              (no ring)

@: flying
A: no striking features
a: Renounce Religion


You were on level 3 of the Dungeon.
You worshipped Sif Muna.
Sif Muna was noncommittal.
You were not hungry.

You visited 1 branch of the dungeon, and saw 3 of its levels.

You collected 63 gold pieces.

Inventory:

Hand Weapons
 j - a +0 dagger
 n - a +0 short sword (weapon)
 s - a +0 hunting sling
Missiles
 b - 39 sling bullets
 h - 118 stones (quivered)
 l - a throwing net
Armour
 a - a +0 robe (worn)
Jewellery
 e - an uncursed ring of magical power {unknown}
Scrolls
 d - a scroll of blinking {unknown}
 g - a scroll of remove curse {unknown}
 i - a scroll of magic mapping {unknown}
 m - a scroll of identify {unknown}
 p - a scroll of amnesia {unknown}
 q - a scroll of enchant armour {unknown}
Potions
 f - a potion of flight
 k - a potion of agility {unknown}
 o - a potion of heal wounds {unknown}
 r - a potion of berserk rage {unknown}
Comestibles
 c - 4 rations


   Skills:
 + Level 2.1 Fighting
 + Level 3.0 Dodging
 - Level 2.0 Stealth
 - Level 2.0 Spellcasting
 + Level 4.7 Necromancy


You had 2 spell levels left.
You knew the following spells:

 Your Spells              Type           Power        Failure   Level  Hunger
a - Pain                  Necr           ###.         2%          1    #......
b - Animate Skeleton      Necr           N/A          2%          1    #......
c - Vampiric Draining     Necr           ###.......   9%          3    ###....

Your spell library contained the following spells:

 Spells                   Type           Power        Failure   Level  Hunger
 Regeneration             Chrm/Necr      #.........   22%         3    ###....
 Animate Dead             Necr           N/A          28%         4    #####..


Dungeon Overview and Level Annotations

Branches:
Dungeon (3/15)

Altars:
Qazlal
Sif Muna
The Shining One


Message History

You feel life coursing into your body. The centaur hits you.
* * * LOW HITPOINT WARNING * * *
Casting: Vampiric Draining (safe; 9% risk of failure)
Confirm with . or Enter, or press ? or * to list all spells.
You don't have enough magic to cast that spell.
Unknown command.
Casting: Vampiric Draining (safe; 9% risk of failure)
Confirm with . or Enter, or press ? or * to list all spells.
Aiming: Pain (safe; 2% risk of failure)
Press: ? - help, Shift-Dir - straight line, f/p - centaur
Aim: a centaur (severely wounded, chance to defeat MR: 76%)
The centaur writhes in agony.
The centaur closely misses you. The centaur barely misses you.
Casting: Pain (safe; 2% risk of failure)
Confirm with . or Enter, or press ? or * to list all spells.
You don't have enough magic to cast that spell.
It was a potion of flight.
You feel very buoyant.
You fly up into the air.
The centaur hits you.
You die...

####### #########
#......####.......#
..........c@......#
.........(..((<..(#
........(##########
.......(.#
.........#
.........#
........##
......... ......c..


You could see a centaur.

Vanquished Creatures
  Terence (D:2)
  A gnoll (D:1)
  An adder (D:2)
  An ooze (D:1)
  A worm (D:2)
  2 dart slugs (D:1)
  2 leopard geckos
  2 giant cockroaches (D:2)
  3 goblins
  4 hobgoblins
  3 jackals (D:1)
  8 kobolds
  A quokka (D:2)
  2 bats
  3 frilled lizards
  3 rats
38 creatures vanquished.

Notes
Turn   | Place    | Note
-------+----------+-------------------------------------------
     0 | D:1      | HumanIsDead the Human Necromancer began the quest for the
                  | Orb.
     0 | D:1      | Reached XP level 1. HP: 13/13 MP: 3/3
     2 | D:1      | Learned a level 1 spell: Animate Skeleton
   169 | D:1      | Reached skill level 1 in Fighting
   169 | D:1      | Reached XP level 2. HP: 19/21 MP: 0/5
   355 | D:1      | Reached XP level 3. HP: 5/26 MP: 0/6
  1112 | D:2      | Found a shimmering blue altar of Sif Muna.
  1112 | D:2      | Found a stormy altar of Qazlal.
  1382 | D:1      | Learned a level 3 spell: Vampiric Draining
  1715 | D:2      | Noticed Terence
  1722 | D:2      | Killed Terence
  1722 | D:2      | Reached XP level 4. HP: 30/33 MP: 2/7
  2414 | D:2      | Found a glowing golden altar of the Shining One.
  2421 | D:2      | Became a worshipper of Sif Muna the Loreminder
  3088 | D:3      | Noticed a centaur
  4009 | D:3      | Slain by a centaur

Levels and vault maps discovered:
D:1:      tarquinn_simple_flora_water_b, layout_rooms
D:2:      layout_basic, gammafunk_temple_overflow_claw, first_ration,
          interstate_on_off, uniq_terence
D:3:      layout_rooms, st_stairs_13

Skill      XL: |  1  2  3  4 |
---------------+-------------+-----
Fighting       | 1 2 |  2.1
Dodging        | 3 |  3.0
Stealth        | |  2.0
Spellcasting   | |  2.0
Necromancy     | |  4.7

Action                   |  1- 3 |  4- 6 || total
-------------------------+-------+-------++-------
Melee: Unarmed           |     2 |       ||     2
       Short sword       |    30 |    62 ||    92
       Dagger            |    13 |       ||    13
 Fire: Hunting sling     |       |    36 ||    36
Throw: Stone             |     8 |       ||     8
 Cast: Pain              |    47 |    44 ||    91
       Animate Skeleton  |       |     3 ||     3
       Vampiric Draining |       |     3 ||     3
  Use: Potion            |       |     1 ||     1
  Eat: Chunk             |     2 |     3 ||     5
       Ration            |       |     2 ||     2
Armor: Robe              |    13 |    10 ||    23
Dodge: Dodged            |    53 |    84 ||   137

Table legend:
 A = Non-vault XP
 B = Vault XP
 C = Vault XP percentage of total XP
 D = Non-vault monster count
 E = Vault monster count
 F = Vault count percentage of total count
                 A         B        C        D         E       F
            +---------+---------+-------+---------+---------+-------
      Total |      99 |      32 |  24.4 |      37 |       1 |   2.6
            +---------+---------+-------+---------+---------+-------
        D:1 |      58 |       0 |   0.0 |      21 |       0 |   0.0
        D:2 |      37 |      32 |  46.4 |      14 |       1 |   6.7
        D:3 |       4 |       0 |   0.0 |       2 |       0 |   0.0
            +---------+---------+-------+---------+---------+-------
